 Dungeon Crawl Stone Soup version 0.19-a0-1732-g0b18a7b (webtiles) character file.

162 4thArraOfDagon the Ducker (level 5, -3/25 HPs)
             Began as a Felid Monk on Sept 30, 2016.
             Was a Priest of Cheibriados.
             Slain by an orc warrior
             ... wielding a +0 long sword
              (7 damage)
             ... on level 7 of the Dungeon.
             The game lasted 00:07:39 (1491 turns).

4thArraOfDagon the Ducker (Felid Monk)              Turns: 1491, Time: 00:07:40

Health: -3/25      AC:  1    Str: 14    XL:     5   Next: 19%
Magic:  7/7        EV: 22    Int: 19    God:    Cheibriados [***...]
Gold:   155        SH:  0    Dex: 26    Spells: 0 memorised, 4 levels left
                                        Lives:  0   Deaths: 1

rFire  . . .     SeeInvis +       - Unarmed
rCold  . . .     Gourm    .     (armour unavailable)
rNeg   . . .     Faith    .     (shield unavailable)
rPois  .         Spirit   .     (helmet unavailable)
rElec  .         Dismiss  .     (cloak unavailable)
rCorr  .         Reflect  .     (gloves unavailable)
MR     .....     Harm     .     (boots unavailable)
Stlth  ++++......               (no amulet)
                                (no ring)
                                (no ring)

@: very slow
A: no armour, no weapons or thrown items, claws 1, fangs 3, see invisible,
carnivore 3, speed 1, shaggy fur 1, slow metabolism 1, sharp paws
a: Bend Time, Temporal Distortion, Renounce Religion


You were on level 7 of the Dungeon.
You worshipped Cheibriados.
Cheibriados was most pleased with you.
You were not hungry.

You visited 2 branches of the dungeon, and saw 8 of its levels.

You collected 155 gold pieces.

Inventory:

Scrolls
 b - 3 scrolls of noise {unknown}
 d - 3 scrolls of teleportation {unknown}
 e - 4 scrolls of remove curse
 f - a scroll of enchant armour {unknown}
 g - a scroll of identify
 j - 2 scrolls of magic mapping
 k - a scroll of blinking {unknown}
 l - a scroll of amnesia {unknown}
Comestibles
 a - 4 meat rations
 c - a slice of pizza


   Skills:
 + Level 3.8 Fighting
 + Level 5.0 Dodging
 * Level 5.0 Stealth
 * Level 4.6 Unarmed Combat
 + Level 1.6 Invocations


You had 4 spell levels left.
You didn't know any spells.

Dungeon Overview and Level Annotations

Branches:
Dungeon (7/15)             Temple (1/1) D:4

Altars:
Cheibriados
Elyvilon
Fedhas
Hepliaklqana
Makhleb
Okawaru
Vehumet


Innate Abilities, Weirdness & Mutations

You cannot wear armour.
You are incapable of wielding weapons or throwing items.
You have sharp claws.
You have razor-sharp teeth.
You have supernaturally acute eyesight. (SInv)
You are carnivorous and can eat meat at any time.
You cover ground quickly.
You are covered in fur. (AC +1)
You have a slow metabolism.
Your sharp claws are effective at attacking unaware monsters.


Message History

You scratch the orc.
The orc is severely wounded.
The orc hits you with a short sword.
* * * LOW HITPOINT WARNING * * *
Unknown command.
Unknown command.
You scratch the orc but do no damage.
The orc is severely wounded.
Unknown command.
You scratch the orc.
You kill the orc!
Cheibriados appreciates the change of pace.
Unknown command.
You aren't carrying any potions.
Unknown command.
As you read the scroll labeled BINEIC MEAHU, it crumbles to dust.
It is a scroll of identify.
j - 2 scrolls of magic mapping The orc warrior hits you with a long sword!
You die...

.## #####.... ..#
#.......o #.####...##.##
#.# #.#..!..##... #...
....##..##.# o..o
...........# ...
........[..# .J#
...........########.#
###.............@#..####.
# #.............)o)......
# #.....>...###..#######.
###.........# #..#
(...........# ##.#
###.........# ###
#.........# #.........#
#..(......#


You could see an orc warrior.

Vanquished Creatures
  A bullfrog (D:5)
  2 hounds
  An orc wizard (D:7)
  An iguana (D:4)
  A hound skeleton (D:4)
  A gnoll (D:4)
  2 adders
  An adder zombie (D:7)
  A worm (D:2)
  2 dart slugs
  2 leopard geckos
  3 orcs
  4 bats
  6 giant cockroaches
  14 goblins (D:4)
  6 hobgoblins
  A quokka (D:5)
  A ball python (D:4)
  3 frilled lizards
  2 kobolds
  A quokka zombie (D:3)
  3 rats
59 creatures vanquished.

Notes
Turn   | Place    | Note
-------+----------+-------------------------------------------
     0 | D:1      | 4thArraOfDagon the Felid Monk began the quest for the Orb.
     0 | D:1      | Reached XP level 1. HP: 10/10 MP: 2/2
   126 | D:1      | Reached XP level 2. HP: 10/14 MP: 3/3
   133 | D:2      | Found a blossoming altar of Fedhas.
   301 | D:4      | Noticed a phantom
   304 | D:4      | Found a staircase to the Ecumenical Temple.
   312 | D:4      | You fall through a shaft for 3 floors!
   402 | D:5      | Entered Level 5 of the Dungeon
   419 | D:5      | Noticed a crimson imp
   470 | D:5      | Noticed a sky beast
   544 | D:4      | Reached XP level 3. HP: 9/17 MP: 4/4
   585 | Temple   | Entered the Ecumenical Temple
   608 | Temple   | Became a worshipper of Cheibriados the Contemplative
   608 | Temple   | Reached * piety under Cheibriados
   608 | Temple   | Reached ** piety under Cheibriados
   895 | D:3      | You fall through a shaft!
   914 | D:4      | Reached XP level 4. HP: 8/21 MP: 5/5
   925 | D:5      | Found an iron altar of Okawaru.
   927 | D:5      | Noticed a bullfrog
   937 | D:5      | Killed a bullfrog
   937 | D:5      | Reached skill level 1 in Invocations
   937 | D:5      | Reached XP level 5. HP: 12/24 MP: 6/6
  1140 | D:4      | You fall through a shaft!
  1156 | D:5      | Found a hazy altar of Hepliaklqana.
  1236 | D:4      | Reached *** piety under Cheibriados
  1237 | D:4      | Reached skill level 5 in Dodging
  1345 | D:4      | Slain by a hobgoblin
  1346 | D:4      | Reached XP level 4. HP: -1/22 MP: 6/6
  1369 | D:5      | You fall through a shaft!
  1369 | D:6      | Noticed a phantom
  1484 | D:7      | Reached skill level 5 in Stealth
  1484 | D:7      | Reached XP level 5. HP: 9/25 MP: 7/7
  1484 | D:7      | Noticed an orc warrior
  1491 | D:7      | Slain by an orc warrior

Vault maps used:
D:1:      saegor_arrival_simple_e, minivault_24, minmay_pentomino_v2
D:2:      lemuel_crystal_altar
D:3:      lemuel_coloured_pillars_altar, first_bread, minmay_misc_feat_hallway,
          hangedman_decor_clover_reticule
D:4:      minmay_goblin_kobold_castle, lemuel_round_altar, uniq_menkaure
D:5:      lemuel_doored_altar, grunt_ministairs_14, hangedman_feature_mirror
D:6:      lemuel_round_altar, serial_glass, glass_columns_a, glass_columns_b
D:7:      kennysheep_mini, zin_statuary, minmay_splitting_lines
Temple:   cyrus_temple_forest

Skill      XL: |  1  2  3  4  5 |
---------------+----------------+-----
Stealth        | 3 5 |  5.0
Unarmed Combat | 4 |  4.6
Invocations    | 1 |  1.6
Dodging        | 5 |  5.0
Fighting       | |  3.8

Action                   |  1- 3 |  4- 6 || total
-------------------------+-------+-------++-------
Melee: Unarmed           |    69 |    72 ||   141
       Bite              |     8 |     8 ||    16
       Punch             |     4 |     1 ||     5
  Use: Potion            |     2 |     4 ||     6
       Scroll            |       |     2 ||     2
 Stab: Sleeping          |     9 |     8 ||    17
       Distracted        |       |     1 ||     1
  Eat: Chunk             |     6 |     1 ||     7
Armor: Skin              |     8 |     2 ||    10
Dodge: Dodged            |    64 |    80 ||   144
